Map: Catalyst LE

Players

LiquidTLO (TLO) - Winner!

  • Race: Zerg Zerg
  • Spawn Location: 5:00

Light

  • Race: Protoss Protoss
  • Spawn Location: 11:00

Event: WCS Valencia 2018

VOD

Have the link to the VOD?

Description

Time

  • Played on: July 12, 2018, 7:16 a.m.
  • Length: 8:24

All games in this series

Show
View Real Time Build Order
Export as new Build Order

LiquidTLO Zerg - Winner!

Build Orders: Hatch First 

Get SALT Encoding   

  12  0:00  Drone  
  13  0:08  Drone  
  14  0:17  Overlord  
  15  0:35  Drone x2  
  16  0:48  Hatchery  
  15  0:51  Drone  
  15  0:55  Drone  
  17  0:58  Drone  
  18  1:05  Extractor  
  17  1:15  Spawning Pool  
  17  1:17  Drone  
  17  1:21  Drone  
  18  1:29  Drone  
  19  1:40  Drone  
  20  2:02  Queen x2  
  20  2:03  Zergling x4  
  20  2:04  Overlord  
  26  2:09  Metabolic Boost  
  26  2:11  Drone  
  26  2:14  Drone  
  28  2:25  Drone x2  
  30  2:38  Hatchery  
  29  2:45  Queen  
  30  2:51  Overlord  
  30  2:53  Drone  
  30  2:57  Drone  
  30  2:58  Drone  
  33  3:03  Drone  
  33  3:04  Drone  
  35  3:06  Drone  
  35  3:11  Drone  
  35  3:12  Drone  
  37  3:14  Drone  
  37  3:16  Drone  
  37  3:17  Drone  
  40  3:21  Zergling x2  
  40  3:26  Overlord  
  41  3:32  Zergling x2  
  42  3:34  Spore Crawler  
  42  3:36  Spore Crawler  
  42  3:37  Zergling x2  
  41  3:44  Drone x3  
  41  3:45  Drone  
  41  3:47  Drone  
  43  3:50  Spore Crawler, Drone  
  42  3:55  Drone  
  42  3:57  Drone x2  
  42  3:59  Queen  
  48  4:04  Spore Crawler, Drone  
  48  4:06  Drone  
  48  4:08  Drone  
  50  4:12  Zergling x4  
  50  4:15  Overlord  
  52  4:20  Overlord  
  52  4:22  Overlord  
  51  4:26  Lair  
  50  4:35  Drone x2  
  50  4:38  Drone  
  52  4:39  Drone  
  52  4:40  Drone  
  52  4:43  Extractor, Drone  
  52  4:44  Extractor, Zergling x4  
  52  4:45  Zergling x4  
  57  4:47  Zergling x2  
  57  4:49  Drone x2  
  57  4:50  Drone  
  61  4:53  Drone x2  
  61  4:57  Zergling x2  
  63  5:00  Drone  
  63  5:03  Zergling x2, Roach Warren  
  63  5:04  Zergling x2  
  63  5:05  Drone  
  63  5:06  Drone  
  66  5:09  Pneumatized Carapace  
  66  5:15  Drone  
  67  5:25  Drone  
  67  5:26  Overlord  
  68  5:29  Drone  
  68  5:30  Drone  
  70  5:39  Overlord  
  70  5:40  Overlord  
  70  5:42  Extractor  
  70  5:45  Roach  
  70  5:46  Roach x5  
  70  5:48  Glial Reconstitution  
  70  5:49  Overlord  
  81  5:57  Overlord  
  81  6:01  Roach x8  
  97  6:11  Drone  
  97  6:12  Roach  
  97  6:15  Overseer  
  97  6:18  Drone  
  101  6:19  Drone  
  101  6:22  Drone  
  101  6:23  Roach  
  106  6:25  Drone  
  106  6:27  Extractor  
  106  6:28  Baneling Nest, Drone  
  106  6:29  Evolution Chamber, Drone  
  106  6:30  Roach  
  107  6:34  Drone x2  
  107  6:37  Drone  
  107  6:38  Drone x2  
  107  6:39  Drone  
  111  6:44  Zergling x2  
  111  6:46  Roach, Drone  
  112  6:48  Roach  
  114  7:00  Overseer  
  114  7:02  Overlord  
  114  7:03  Overlord  
  114  7:06  Overlord x2  
  114  7:09  Overlord  
  114  7:14  Overlord  
  114  7:18  Overlord  
  114  7:20  Overlord  
  114  7:21  Overseer  
  116  7:22  Roach  
  116  7:25  Roach x2  
  116  7:26  Drone  
  116  7:28  Zergling x2  
  116  7:29  Zergling x6  
  125  7:30  Zergling x2  
  125  7:31  Roach  
  125  7:35  Roach  
  125  7:36  Ravager  
  125  7:37  Ravager x4  
  134  7:39  Roach  
  134  7:40  Roach  
  138  7:46  Roach  
  138  7:49  Roach  
  138  7:50  Roach x3  
  148  7:52  Roach  
  148  7:54  Overlord  
  148  7:56  Baneling  
  148  7:57  Baneling x2  
  150  7:59  Hatchery  
  150  8:00  Roach  
  150  8:01  Roach  
  150  8:03  Roach  
  150  8:12  Drone  
Show
View Real Time Build Order
Export as new Build Order

Light Protoss 

Build Orders: 1 Gate Expand, Oracle Opening, Phoenix Opening, Colossus Rush 

Get SALT Encoding   

  12  0:00  Probe  
  13  0:12  Probe  
  14  0:20  Pylon  
  14  0:24  Probe  
  15  0:34  Probe  
  16  0:42  Probe  
  16  0:46  Gateway  
  17  0:52  Assimilator  
  17  0:53  Probe  
  18  1:05  Probe  
  19  1:17  Probe  
  20  1:29  Probe  
  20  1:32  Nexus  
  21  1:42  Cybernetics Core  
  21  1:46  Probe  
  22  1:52  Pylon  
  22  1:58  Assimilator  
  23  2:01  Probe  
  23  2:12  Adept  
  23  2:13  Probe  
  24  2:21  Stargate  
  26  2:26  Probe  
  27  2:31  Warp Gate  
  27  2:38  Adept, Probe  
  30  2:51  Probe x2  
  32  2:59  Probe x2  
  32  3:01  Oracle  
  34  3:08  Adept  
  34  3:11  Probe x2  
  41  3:23  Probe x2  
  41  3:25  Pylon  
  43  3:35  Probe  
  43  3:36  Probe  
  43  3:40  Phoenix  
  45  3:47  Probe  
  45  3:48  Probe  
  45  3:59  Robotics Facility, Probe  
  45  4:00  Probe  
  47  4:06  Assimilator  
  47  4:07  Pylon  
  47  4:08  Assimilator  
  47  4:12  Probe x2  
  47  4:13  Gateway  
  47  4:15  Gateway  
  49  4:24  Probe x2  
  51  4:36  Probe x2  
  53  4:42  Adept  
  55  4:48  Probe x2  
  53  5:00  Probe x2  
  53  5:02  Robotics Bay  
  53  5:03  Twilight Council  
  53  5:06  Warp Prism, Adept  
  59  5:12  Probe x2  
  61  5:20  Pylon  
  61  5:24  Probe  
  59  5:30  Gateway x2  
  59  5:31  Blink  
  59  5:33  Gateway, Adept  
  59  5:34  Gateway  
  61  5:37  Pylon  
  61  5:39  Pylon  
  61  5:41  Extended Thermal Lance, Pylon  
  61  5:45  Colossus  
  61  5:56  Adept  
  69  6:09  Sentry x2  
  73  6:14  Gateway  
  73  6:15  Gateway  
  73  6:24  Colossus  
  79  6:45  Sentry  
  79  6:46  Stalker x2  
  81  7:07  Pylon  
  81  7:09  Pylon  
  81  7:11  Pylon  
  81  7:13  Pylon  
  81  7:14  Stalker  
  81  7:15  Stalker, Pylon  
  85  7:22  Immortal  
  85  7:29  Stalker x7  
  93  7:37  Stalker x4  
  93  7:38  Stalker x3  
  107  7:55  Stalker x2  
  111  8:00  Stalker x3  
  97  8:14  Zealot x2  
Tags
 
Add a new tag
Caveats
  • Supply blocks, unpowered buildings, or Contaminate may cause inaccurate times.
  • Supply counts are checked every 10 seconds.